 Dungeon Crawl Stone Soup version 0.16.1-11-g651b585 (webtiles) character file.

3733 Trafet the Slicer (level 10, -3/58 HPs)
             Began as a Kobold Wizard on Apr 3, 2015.
             Was an Initiate of Sif Muna.
             Slain by Gastronok (26 damage)
             ... on level 8 of the Dungeon.
             The game lasted 00:42:05 (10169 turns).

Trafet the Slicer (Kobold Wizard)                  Turns: 10169, Time: 00:42:06

Health: -3/58      AC: 10    Str:  6    XL:     10   Next: 37%
Magic:  4/21       EV: 18    Int: 19    God:    Sif Muna [......]
Gold:   397        SH:  0    Dex: 15    Spells: 5 memorised, 6 levels left

rFire  . . .     SeeInvis .     t - +1 dagger (elec)
rCold  . . .     Clarity  .     G - +3 leather armour
rNeg   . . .     SustAb   .     (no shield)
rPois  .         Gourm    +     g - +2 hat
rElec  .         Spirit   .     (no cloak)
rCorr  .         Warding  .     (no gloves)
rMut   .         Stasis   .     A - +1 pair of boots
MR     .....                    M - amulet of the gourmand
Stlth  ++........               N - ring of wizardry
                                (no ring)

@: very slightly contaminated, not resistant to hostile enchantments, unstealthy
A: carnivore 3
a: Renounce Religion


You were on level 8 of the Dungeon.
You worshipped Sif Muna.
Sif Muna was noncommittal.
You were not hungry.

You visited 2 branches of the dungeon, and saw 9 of its levels.
You also visited: Ossuary.

You collected 547 gold pieces.
You spent 150 gold pieces at shops.

Inventory:

Hand weapons
 k - a +2 mace of protection
 n - a +1 dagger of venom
 s - a +0 vampiric dagger
 t - a +1 dagger of electrocution (weapon)
 z - a +0 hunting sling
 C - a cursed +3 trident
 D - a +2 antimagic dagger
Missiles
 o - 330 stones (quivered)
 x - 26 sling bullets
Armour
 a - a cursed +0 robe
 b - a cursed +0 hat
 g - a +2 hat (worn)
 y - a +0 helmet
 A - a +1 pair of boots (worn)
 G - a +3 leather armour (worn)
 I - a cursed +4 ring mail
Magical staves
 O - an uncursed staff of conjuration
Jewellery
 h - a cursed ring of fire
 M - an amulet of the gourmand (around neck)
 N - a ring of wizardry (right hand)
Magical devices
 v - a wand of teleportation (6)
 F - a wand of confusion (16)
 P - a wand of frost (35)
Scrolls
 e - a scroll of fog {unknown}
 f - 2 scrolls of teleportation
 l - 2 scrolls of enchant weapon
 E - 3 scrolls of identify
 H - a scroll of fear {unknown}
 J - 2 scrolls of amnesia {unknown}
 K - a scroll of brand weapon {unknown}
 R - a scroll of enchant armour
 V - a scroll of blinking {unknown}
Potions
 i - 2 potions of heal wounds
 j - 6 potions of curing
 m - 2 potions of haste {unknown}
 p - 2 potions of agility
 q - a potion of brilliance {unknown}
 r - 2 potions of flight {unknown}
 B - 2 potions of cure mutation {unknown}
 L - a potion of cancellation {unknown}
 Q - a potion of degeneration {unknown}
 S - a potion of resistance {unknown}
 T - a potion of magic {unknown}
 U - a potion of might {unknown}
 X - a potion of poison {unknown}
Books
 c - a book of Minor Magic

   Spells                             Type                      Level
   a - Magic Dart                     Conjuration                  1
   b - Blink                          Translocation                2
   c - Call Imp                       Summoning                    2
   d - Repel Missiles                 Charms/Air                   2
   e - Slow                           Hexes                        2
   f - Conjure Flame                  Conjuration/Fire             3
   g - Mephitic Cloud                 Conjuration/Poison/Air       3
 w - a book of Changes

   Spells                             Type                      Level
   a - Beastly Appendage              Transmutation                1
   b - Sticks to Snakes               Transmutation                2
   c - Spider Form                    Transmutation/Poison         3
   d - Ice Form                       Ice/Transmutation            4
   e - Blade Hands                    Transmutation                5
Comestibles
 d - 3 meat rations
 u - a royal jelly


   Skills:
 + Level 4.9 Fighting
 - Level 10.9 Short Blades
 + Level 2.5 Armour
 * Level 8.1 Dodging
 - Level 2.6 Stealth
 + Level 4.3 Spellcasting
 - Level 6.0 Conjurations
   Level 1.0 Summonings
 - Level 1.0 Translocations


You had 6 spell levels left.
You knew the following spells:

 Your Spells              Type           Power        Failure   Level  Hunger
a - Magic Dart            Conj           ####         1%          1    None
b - Mephitic Cloud        Conj/Pois/Air  ##......     12%         3    ###....
c - Conjure Flame         Conj/Fire      ###.....     7%          3    ###....
d - Blink                 Tloc           N/A          9%          2    #......
e - Repel Missiles        Chrm/Air       #.....       12%         2    #......


Dungeon Overview and Level Annotations

Branches:
Dungeon (8/15)             Temple (1/1) D:6
   Lair: D:8-11

Altars:
Ashenzari
Dithmenos
Elyvilon
Fedhas
Gozag
Makhleb
Nemelex Xobeh
Okawaru
Qazlal
Ru
Sif Muna
Trog
Vehumet
Yredelemnul
Zin
The Shining One

Shops:
D:6 !

Annotations:
D:8 Gastronok


Innate Abilities, Weirdness & Mutations

You are small and have problems with some larger weapons.
You are carnivorous and can eat meat at any time.


Message History

Press: ? - help, Shift-Dir - straight line, f - quokka
Aim: a quokka (summoned) That beam is likely to hit you.
Continue anyway?
The ball explodes into a vile cloud!
The stinking cloud engulfs the quokka.
The stinking cloud engulfs Gastronok.
Gastronok is lightly wounded.
The stinking cloud engulfs you!
You are engulfed in noxious fumes.
The quokka is engulfed in noxious fumes.
The quokka appears confused.
Unknown command.
Gastronok waves his eye-stalks in wide circles.
The air twists around and strikes you!
You hit Gastronok but do no damage. You hit Gastronok.
There is a sudden explosion of sparks!
Gastronok is lightly wounded.
You hit Gastronok.
Gastronok is lightly wounded.
Gastronok is engulfed in roaring flames.
Gastronok bites you!!
You die...

*,* #..# #.# *,*
#####..### #.#**
#.#####........#*#..,*
#........#####..####,*
########.#...#..# *,*
#.#...#,.#***,******
##.#...#,,#,,,,,,,,,,
#..##'##..#.#*,*****,
#..w@.......#*,,,,,,,
#.#r.####.###********
#.r.##***,*
###..,,,,,* ####*****


You could see Gastronok, a quokka (confused) and a rat.

Vanquished Creatures
  Pikel (D:5)
  The ghost of Trafet the Conjurer, an experienced OpWz of Sif Muna (D:5)
  The ghost of Yermak the Shield-Bearer, an experienced FoWn (Ossuary)
  Grinder (D:6)
  2 ice beasts
  3 phantoms
  3 slaves (D:5)
  A necrophage (D:7)
  2 ogres
  2 centaurs
  A giant frog (D:7)
  3 wights (D:4)
  3 killer bees (D:8)
  2 crimson imps
  A centaur zombie (D:7)
  2 giant frog zombies
  3 jellies
  2 orc priests
  4 iguanas
  A wasp zombie (D:5)
  A giant frog skeleton (D:7)
  2 hounds (D:5)
  4 orc wizards
  Natasha (thrice) (D:6)
  4 worker ants
  A big kobold zombie (Ossuary)
  2 worker ant zombies (D:5)
  8 mummies (Ossuary)
  Robin (D:3)
  9 adders
  5 gnolls
  A shadow imp (D:7)
  A giant mite (D:2)
  4 worms
  An adder skeleton (D:4)
  An adder zombie (D:6)
  5 giant geckos
  2 oozes
  20 orcs
  15 bats
  2 bat skeletons (D:4)
  6 giant cockroaches
  3 gnoll zombies (Ossuary)
  18 goblins
  20 hobgoblins
  14 kobolds
  3 quokkas
  4 ball pythons
  A giant cockroach zombie (D:5)
  7 giant newts
  A giant spore (D:6)
  4 hobgoblin zombies (Ossuary)
  14 rats
  4 ballistomycetes (D:6)
230 creatures vanquished.

Vanquished Creatures (others)
  Menkaure (D:6)
  An orc wizard (D:4)
  A gnoll (D:5)
  An orc (D:4)
4 creatures vanquished.

Grand Total: 234 creatures vanquished

Notes
Turn   | Place    | Note
--------------------------------------------------------------
     0 | D:1      | Trafet, the Kobold Wizard, began the quest for the Orb.
     0 | D:1      | Reached XP level 1. HP: 10/10 MP: 4/4
     8 | D:1      | Reached skill level 1 in Conjurations
   379 | D:1      | Reached XP level 2. HP: 13/15 MP: 3/6
   991 | D:1      | Reached XP level 3. HP: 17/19 MP: 1/7
  1554 | D:1      | Learned a level 3 spell: Mephitic Cloud
  1558 | D:1      | Learned a level 3 spell: Conjure Flame
  1737 | D:2      | Reached XP level 4. HP: 18/24 MP: 2/9
  2524 | D:2      | Reached skill level 4 in Conjurations
  2524 | D:2      | Reached XP level 5. HP: 28/28 MP: 1/11
  3347 | D:3      | Noticed Robin
  3376 | D:3      | Killed Robin
  3551 | D:3      | Found an opulent altar of Gozag.
  3835 | D:3      | Reached skill level 5 in Conjurations
  3835 | D:3      | Reached XP level 6. HP: 32/32 MP: 5/12
  4418 | D:4      | Found a radiant altar of Vehumet.
  4433 | D:4      | Learned a level 2 spell: Blink
  4436 | D:4      | Learned a level 2 spell: Repel Missiles
  5068 | D:4      | Reached skill level 6 in Conjurations
  5075 | D:4      | Reached XP level 7. HP: 20/36 MP: 1/14
  5739 | D:5      | Entered Level 5 of the Dungeon
  5972 | D:5      | Reached skill level 5 in Short Blades
  6053 | D:5      | Reached XP level 8. HP: 33/41 MP: 9/16
  6178 | D:5      | Noticed Pikel
  6567 | D:5      | Noticed Trafet's ghost (experienced OpWz)
  6584 | D:5      | Killed Trafet's ghost
  6584 | D:5      | Reached skill level 8 in Short Blades
  6611 | D:5      | Killed Pikel
  6611 | D:5      | Reached skill level 10 in Short Blades
  6611 | D:5      | Reached XP level 9. HP: 45/45 MP: 14/17
  6725 | D:5      | Reached skill level 1 in Fighting
  7030 | D:6      | Found Shrypoino's Distillery.
  7039 | D:6      | Bought a potion of heal wounds for 75 gold pieces
  7039 | D:6      | Bought a potion of heal wounds for 75 gold pieces
  7095 | D:6      | Noticed Menkaure
  7096 | D:6      | Killed Menkaure
  7183 | D:6      | Noticed Natasha
  7216 | D:6      | Killed Natasha
  7316 | D:6      | Reached skill level 5 in Dodging
  7359 | D:6      | Noticed Grinder
  7365 | D:6      | Noticed Natasha
  7368 | D:6      | Killed Grinder
  7377 | D:6      | Killed Natasha
  7497 | D:6      | Noticed Natasha
  7507 | D:6      | Killed Natasha
  7552 | D:6      | Found a staircase to the Ecumenical Temple.
  7572 | Temple   | Entered the Ecumenical Temple
  7587 | Temple   | Became a worshipper of Sif Muna the Loreminder
  7802 | D:6      | Found a glowing silver altar of Zin.
  7803 | D:6      | Found a sacrificial altar of Ru.
  8427 | D:7      | Reached XP level 10. HP: 53/56 MP: 15/19
  8449 | D:7      | Reached skill level 1 in Armour
  9064 | D:7      | Found a glowing golden altar of the Shining One.
  9436 | D:8      | Found a shattered altar of Ashenzari.
  9476 | D:8      | Noticed Gastronok
  9560 | D:8      | Found a sand-covered staircase.
  9606 | Ossuary  | Entered an ossuary
 10071 | Ossuary  | Noticed Yermak's ghost (experienced FoWn)
 10082 | Ossuary  | Killed Yermak's ghost
 10169 | D:8      | Slain by Gastronok

Action                   |  1- 3 |  4- 6 |  7- 9 | 10-12 || total
-------------------------+-------+-------+-------+-------++-------
Melee: Unarmed           |     6 |       |       |       ||     6
       Mace              |     7 |    87 |       |       ||    94
       Dagger            |       |     1 |   327 |   104 ||   432
 Fire: Hunting sling     |       |       |     6 |       ||     6
 Cast: Magic Dart        |    86 |   152 |    32 |    57 ||   327
       Mephitic Cloud    |       |     7 |    19 |    10 ||    36
       Conjure Flame     |       |     3 |    11 |    11 ||    25
       Blink             |       |       |     1 |       ||     1
       Repel Missiles    |       |       |     2 |       ||     2
  Use: Scroll            |       |     1 |     9 |     2 ||    12
 Stab: Sleeping          |       |     1 |     2 |     1 ||     4
       Confused          |       |     3 |     9 |     2 ||    14
       Distracted        |       |       |     1 |     1 ||     2
  Eat: Chunk             |    10 |    10 |    11 |     2 ||    33
       Meat ration       |       |       |       |     1 ||     1
